[Event "Team 45 45 League T94"]
[Site "Internet Chess Club"]
[Date "2022.11.17"]
[Round "6"]
[White "fhunfi"]
[Black "cysk"]
[Result "1/2-1/2"]
[WhiteElo "1652"]
[BlackElo "1670"]
[Opening "Scandinavian: Pytel-Wade variation"]
[ECO "B01"]
[Time "18:01:46"]
[PlyCount "26"]
[TimeControl "2700+45"]

1. e4 d5 2. exd5 Qxd5 3. Nc3 Qd6 4. Bc4 Nf6 5. d4 a6 6. Nge2 e5 7. O-O Nc6 8.
dxe5 Nxe5 9. Qxd6 Bxd6 10. Bb3 O-O 11. Bg5 Be7 12. Bf4 Bd6 13. Bg5 Be7 {Game
drawn by mutual agreement} 1/2-1/2

[Event "Team 45 45 League T94"]
[Site "Internet Chess Club"]
[Date "2022.11.19"]
[Round "6"]
[White "ChessMaine"]
[Black "hewdondada"]
[Result "0-1"]
[WhiteElo "1424"]
[BlackElo "1645"]
[Opening "Scandinavian (center counter) defense"]
[ECO "B01"]
[Time "06:09:55"]
[PlyCount "82"]
[TimeControl "2700+45"]

1. e4 d5 2. exd5 Qxd5 3. Nc3 Qa5 4. Nf3 Nf6 5. Be2 Bf5 6. b4 Qb6 7. d3 c6 8. Rb1
Qc7 9. O-O e6 10. b5 Nbd7 11. bxc6 bxc6 12. Nd4 Bd6 13. Nxf5 exf5 14. g3 O-O 15.
Bf3 Rab8 16. Bd2 g6 17. Re1 Rfe8 18. Rxe8+ Rxe8 19. Ne2 Ne5 20. Bg2 Ned7 21. Nd4
Nb8 22. Qf3 Rc8 23. Bc3 Nd5 24. Bd2 Ne7 25. Bh6 a6 26. Qe2 Be5 27. Nf3 Bf6 28.
Bf4 Qa7 29. Be3 Qd7 30. Bf4 Qd8 31. Ne5 Nd5 32. Rxb8 Nxf4 33. gxf4 Rxb8 34. Qd1
Bxe5 35. fxe5 Qd4 36. Qe2 Re8 37. Bxc6 Rxe5 38. Qd2 Qg4+ 39. Kf1 f4 40. Qb4 Qd1+
41. Kg2 Rg5+ {White resigns} 0-1

[Event "Team 45 45 League T94"]
[Site "Internet Chess Club"]
[Date "2022.11.21"]
[Round "6"]
[White "Alec-hine"]
[Black "fileman"]
[Result "1-0"]
[WhiteElo "1823"]
[BlackElo "1795"]
[Opening "Trompowsky attack (Ruth, Opocenský opening)"]
[ECO "A45"]
[Time "16:00:27"]
[PlyCount "55"]
[TimeControl "2700+45"]

1. d4 Nf6 2. Bg5 h6 3. Bxf6 exf6 4. e3 Bb4+ 5. c3 Be7 6. g3 d5 7. Bg2 c6 8. Ne2
Nd7 9. Nd2 O-O 10. O-O f5 11. c4 Nf6 12. cxd5 cxd5 13. Qb3 b6 14. Rac1 Bb7 15.
Nb1 Qd7 16. Nbc3 Rfc8 17. Nf4 Rd8 18. Rfe1 Rac8 19. Bf3 g5 20. Nd3 Ne4 21. Ne5
Qe8 22. Bh5 Qf8 23. Bxf7+ Kg7 24. Nxe4 fxe4 25. Rxc8 Bxc8 26. Bxd5 Qf5 27. g4
Qh7 28. Bxe4 {Black resigns} 1-0

[Event "Team 45 45 League T94"]
[Site "Internet Chess Club"]
[Date "2022.11.22"]
[Round "6"]
[White "Tufnell"]
[Black "timcent"]
[Result "1-0"]
[WhiteElo "1909"]
[BlackElo "1832"]
[Opening "Sicilian: Richter-Rauzer, Rauzer attack, 7...a6 defense, 8...Bd7"]
[ECO "B67"]
[Time "10:00:21"]
[PlyCount "55"]
[TimeControl "2700+45"]

1. e4 c5 2. Nf3 Nc6 3. d4 cxd4 4. Nxd4 Nf6 5. Nc3 d6 6. Bg5 e6 7. Qd2 a6 8.
O-O-O Bd7 9. f3 b5 10. Kb1 h6 11. Be3 Qc7 12. Bd3 Ne5 13. h4 Nc4 14. Bxc4 bxc4
15. g4 Rb8 16. g5 Qb7 17. b3 hxg5 18. hxg5 Nh5 19. f4 g6 20. f5 a5 21. Ka1 a4
22. b4 Rg8 23. fxe6 fxe6 24. Nde2 Rc8 25. a3 Be7 26. Nf4 Ng3 27. Rh7 Nxe4 28.
Nxe4 {Black resigns} 1-0

[Event "Team 45 45 League T94"]
[Site "Internet Chess Club"]
[Date "2022.11.18"]
[Round "6"]
[White "laurenpar"]
[Black "ZenoElea"]
[Result "1-0"]
[WhiteElo "1939"]
[BlackElo "1803"]
[Opening "Nimzovich-Larsen attack: Indian variation"]
[ECO "A01"]
[Time "20:01:24"]
[PlyCount "53"]
[TimeControl "2700+45"]

1. b3 Nf6 2. Bb2 d5 3. Nf3 Nc6 4. e3 e6 5. a3 Bd6 6. d4 O-O 7. Bd3 Bd7 8. Nbd2
Ne7 9. Ne5 Ng6 10. O-O c5 11. Ndf3 Ne4 12. Nxd7 Qxd7 13. Bxe4 dxe4 14. dxc5 exf3
15. Qxd6 Qxd6 16. cxd6 Rfd8 17. Rfd1 Rd7 18. c4 fxg2 19. c5 Nh4 20. b4 Rc8 21.
Rac1 f6 22. a4 Kf7 23. b5 Nf5 24. Ba3 Nh4 25. c6 bxc6 26. bxc6 Rdd8 27. d7
{Black resigns} 1-0

[Event "Team 45 45 League T94"]
[Site "Internet Chess Club"]
[Date "2022.11.23"]
[Round "6"]
[White "martineden"]
[Black "primerpaso"]
[Result "1-0"]
[WhiteElo "1842"]
[BlackElo "1774"]
[Opening "QGD: classical variation (5.Bf4)"]
[ECO "D37"]
[Time "10:36:10"]
[PlyCount "71"]
[TimeControl "2700+45"]

1. d4 Nf6 2. Nf3 d5 3. c4 e6 4. Nc3 Be7 5. Bf4 O-O 6. e3 c5 7. dxc5 Qa5 8. a3
dxc4 9. Bxc4 Qxc5 10. Qe2 Nc6 11. O-O Bd7 12. Rfd1 Rfd8 13. b4 Qh5 14. Rac1 Rac8
15. Nb5 e5 16. Bg3 Ne4 17. Bd5 Nxg3 18. hxg3 a6 19. Nc3 Bg4 20. Ne4 Kf8 21. Bxc6
bxc6 22. Qxa6 f5 23. Rxd8+ Rxd8 24. Ned2 f4 25. gxf4 exf4 26. exf4 Bxf3 27. Nxf3
Rd6 28. Qc8+ Kf7 29. Ne5+ Kf6 30. Qg4 Qxg4 31. Nxg4+ Kf5 32. Ne5 Kxf4 33. Nxc6
Bg5 34. a4 Ke4 35. Rc4+ Kd5 36. Rc5+ {Black resigns} 1-0

[Event "Team 45 45 League T94"]
[Site "Internet Chess Club"]
[Date "2022.11.27"]
[Round "6"]
[White "Beetlejuice"]
[Black "QuieroAprender"]
[Result "1-0"]
[WhiteElo "1729"]
[BlackElo "1701"]
[Opening "English: Mikenas-Carls variation"]
[ECO "A18"]
[Time "11:00:23"]
[PlyCount "25"]
[TimeControl "2700+45"]

1. c4 Nf6 2. Nc3 e6 3. e4 Bb4 4. e5 Bxc3 5. dxc3 Ne4 6. Qg4 d5 7. Qxg7 Rf8 8.
Bh6 Qe7 9. Qxf8+ Qxf8 10. Bxf8 Kxf8 11. Nh3 a5 12. Bd3 Nc5 13. Bxh7 {Black
resigns} 1-0

[Event "Team 45 45 League T94"]
[Site "Internet Chess Club"]
[Date "2022.11.19"]
[Round "6"]
[White "scostanzo212"]
[Black "room-matt"]
[Result "1/2-1/2"]
[WhiteElo "1570"]
[BlackElo "1823"]
[Opening "Budapest: Rubinstein variation"]
[ECO "A52"]
[Time "10:31:58"]
[PlyCount "97"]
[TimeControl "2700+45"]

1. d4 Nf6 2. c4 e5 3. dxe5 Ng4 4. Bf4 Nc6 5. Nf3 Bb4+ 6. Nbd2 Qe7 7. a3 Ngxe5 8.
Nxe5 Nxe5 9. e3 Bxd2+ 10. Qxd2 d6 11. Be2 O-O 12. O-O a5 13. b3 b6 14. Rfd1 Bb7
15. f3 Ng6 16. Bg3 Rae8 17. e4 f5 18. exf5 Qxe2 19. fxg6 hxg6 20. Ra2 Qe3+ 21.
Qxe3 Rxe3 22. b4 Rc3 23. Rd4 Rb3 24. c5 bxc5 25. bxc5 dxc5 26. Rd7 Rf7 27. Rxf7
Kxf7 28. Bxc7 a4 29. Bd6 c4 30. Bb4 c3 31. Ra1 c2 32. Rc1 Rb1 33. Bd2 Ba6 34.
Kf2 Bd3 35. Ke3 Rxc1 36. Bxc1 Bf1 37. g3 Bc4 38. Kd2 Bb3 39. Kd3 Ke6 40. Kc3 Kf5
41. Bb2 g5 42. Kd2 g6 43. Bc1 g4 44. f4 Ke4 45. Ke2 Bc4+ 46. Kd2 Bb3 47. Ke2 Kd4
48. Bb2+ Ke4 49. Bc1 {Game drawn by repetition} 1/2-1/2

[Event "Team 45 45 League T94"]
[Site "Internet Chess Club"]
[Date "2022.11.18"]
[Round "6"]
[White "Electryon"]
[Black "Kingofknights"]
[Result "1/2-1/2"]
[WhiteElo "1462"]
[BlackElo "1479"]
[Opening "Caro-Kann: anti-anti-Caro-Kann defense"]
[ECO "A11"]
[Time "11:30:36"]
[PlyCount "80"]
[TimeControl "2700+45"]

1. c4 c6 2. e4 d5 3. cxd5 cxd5 4. exd5 Nf6 5. Nc3 Nxd5 6. Nf3 a6 7. Bc4 Nxc3 8.
bxc3 e6 9. d4 b5 10. Be2 Bb7 11. O-O Bd5 12. Ne5 Qc7 13. Bd2 Nd7 14. Nxd7 Qxd7
15. a4 bxa4 16. Qxa4 Bc6 17. Qb3 a5 18. Rfb1 Bd6 19. Bb5 O-O 20. Bxc6 Qxc6 21.
Qb6 Rfc8 22. Qxc6 Rxc6 23. Ra4 Bc7 24. c4 f5 25. Rb5 Rd8 26. d5 exd5 27. g3 dxc4
28. Bxa5 c3 29. Bxc3 Rxc3 30. Ra7 Rd1+ 31. Kg2 Rdc1 32. Rxf5 R1c2 33. Ra8+ Bb8
34. Rxb8+ Rc8 35. Rxc8+ Rxc8 36. f4 g6 37. Re5 Rc2+ 38. Kh3 Kf7 39. Ra5 h5 40.
Rb5 Kf6 {Game drawn by mutual agreement} 1/2-1/2

[Event "Team 45 45 League T94"]
[Site "Internet Chess Club"]
[Date "2022.11.18"]
[Round "6"]
[White "Signofthetimes"]
[Black "herrahuu"]
[Result "1-0"]
[WhiteElo "1553"]
[BlackElo "1481"]
[Opening "Sicilian: dragon, Yugoslav attack, 9.Bc4"]
[ECO "B77"]
[Time "08:01:28"]
[PlyCount "47"]
[TimeControl "2700+45"]

1. e4 c5 2. Nf3 d6 3. Bc4 g6 4. Nc3 Bg7 5. d4 cxd4 6. Nxd4 Nf6 7. Be3 O-O 8. f3
Nc6 9. Qd2 Nxd4 10. Bxd4 Be6 11. Bxe6 fxe6 12. O-O-O Qa5 13. g4 b5 14. Kb1 b4
15. Ne2 Qb5 16. g5 Nd7 17. Bxg7 Kxg7 18. Nd4 Qe5 19. Rde1 Rfc8 20. f4 Qa5 21.
Nxe6+ Kf7 22. Nd4 Rc7 23. Nb3 Qb6 24. Qd5+ {Black resigns} 1-0

[Event "Team 45 45 League T94"]
[Site "Internet Chess Club"]
[Date "2022.11.17"]
[Round "6"]
[White "VictorRed"]
[Black "Rookmaster"]
[Result "1-0"]
[WhiteElo "1623"]
[BlackElo "1506"]
[Opening "Queen's pawn game"]
[ECO "A46"]
[Time "23:01:22"]
[PlyCount "47"]
[TimeControl "2700+45"]

1. Nf3 Nf6 2. d4 d6 3. g3 Nbd7 4. Bg2 e5 5. dxe5 dxe5 6. O-O c6 7. Nc3 Qc7 8. e4
Be7 9. Nh4 Nb6 10. Nf5 Bxf5 11. exf5 Rd8 12. Qe2 O-O 13. Re1 Bc5 14. Bg5 Rfe8
15. Bxf6 gxf6 16. Ne4 Be7 17. c4 Kh8 18. b3 Rg8 19. Qh5 Rg7 20. Rad1 Rdg8 21.
Qh6 Nd7 22. Rd3 Nf8 23. Nxf6 Bxf6 24. Qxf6 {Black resigns} 1-0

[Event "Team 45 45 League T94"]
[Site "Internet Chess Club"]
[Date "2022.11.19"]
[Round "6"]
[White "trogers41"]
[Black "Constrictor"]
[Result "1/2-1/2"]
[WhiteElo "1368"]
[BlackElo "1434"]
[Opening "Alekhine's defense"]
[ECO "B03"]
[Time "14:01:02"]
[PlyCount "138"]
[TimeControl "2700+45"]

1. e4 Nf6 2. e5 Nd5 3. d4 d6 4. c4 Nb6 5. Nf3 Bg4 6. exd6 exd6 7. Be2 Nc6 8. Qd3
Be7 9. O-O Qd7 10. Be3 O-O-O 11. Nc3 h5 12. a4 Nb4 13. Qd1 Bxf3 14. Bxf3 Nxc4
15. Qb3 Nxe3 16. Qxb4 d5 17. Qa5 Nxf1 18. Qxa7 c6 19. Kxf1 Kc7 20. Qa5+ Kb8 21.
Qb6 Qc7 22. Qxc7+ Kxc7 23. b3 Bf6 24. Rd1 Rde8 25. g3 g5 26. h3 g4 27. hxg4 hxg4
28. Bg2 Re7 29. b4 Rhe8 30. Bxd5 Rd8 31. Bb3 Rxd4 32. Rxd4 Bxd4 33. Ne2 Be5 34.
b5 c5 35. a5 f6 36. Nc1 Bc3 37. Nd3 Bxa5 38. Nxc5 Re1+ 39. Kg2 Bb6 40. Nd3 Rb1
41. Bc4 Bd4 42. Nf4 Be5 43. Nd5+ Kd6 44. Ne3 Kc5 45. Be2 Rb2 46. Bf1 Bd4 47.
Nxg4 f5 48. Nh2 Rxf2+ 49. Kg1 f4 50. gxf4 Rxf4+ 51. Kg2 Rf2+ 52. Kg1 Rxf1+ 53.
Kxf1 Kxb5 54. Ke2 Kc4 55. Nf3 Bc3 56. Kd1 b5 57. Kc2 b4 58. Ng1 b3+ 59. Kb1 Kd3
60. Nf3 Ke3 61. Ng5 Bf6 62. Ne6 Bd4 63. Nxd4 Kxd4 64. Kb2 Kc4 65. Kb1 Kb5 66.
Kb2 Kb4 67. Kb1 Kc3 68. Kc1 b2+ 69. Kb1 Kb3 {White stalemated} 1/2-1/2

[Event "Team 45 45 League T94"]
[Site "Internet Chess Club"]
[Date "2022.11.21"]
[Round "6"]
[White "xingon"]
[Black "CMAlge"]
[Result "0-1"]
[WhiteElo "1338"]
[BlackElo "1343"]
[Opening "King's Indian: orthodox, 7...Nbd7"]
[ECO "E94"]
[Time "17:10:26"]
[PlyCount "46"]
[TimeControl "2700+45"]

1. d4 Nf6 2. c4 g6 3. Nc3 Bg7 4. e4 d6 5. Nf3 O-O 6. Be2 Nbd7 7. O-O e5 8. Be3
Qe7 9. Qc2 c6 10. Rad1 h6 11. d5 c5 12. h3 Nh5 13. Nd2 Ndf6 14. Bf3 Nf4 15. Kh2
Nh7 16. Ne2 Qh4 17. Ng1 Qe7 18. Bxf4 exf4 19. Rfe1 Qe5 20. b3 g5 21. Nf1 Nf6 22.
a3 h5 23. Be2 f3+ {White resigns} 0-1

[Event "Team 45 45 League T94"]
[Site "Internet Chess Club"]
[Date "2022.11.19"]
[Round "6"]
[White "woofgang"]
[Black "pandaknight"]
[Result "0-1"]
[WhiteElo "1160"]
[BlackElo "1097"]
[Opening "Caro-Kann: classical, 7...Nd7"]
[ECO "B19"]
[Time "14:03:43"]
[PlyCount "42"]
[TimeControl "2700+45"]

1. e4 c6 2. d4 d5 3. Nc3 dxe4 4. Nxe4 Bf5 5. Ng3 Bg6 6. h4 h6 7. Nf3 Nd7 8. Bd3
Bxd3 9. Qxd3 e6 10. Bf4 Ngf6 11. O-O-O Be7 12. Ne5 Qa5 13. Kb1 Nxe5 14. dxe5 Nd5
15. Ne4 Nxf4 16. Qd7+ Kf8 17. g3 Nd5 18. c4 Nb4 19. a3 Qxe5 20. Rhe1 Rd8 21. Nc3
Qf5+ {White resigns} 0-1

[Event "Team 45 45 League T94"]
[Site "Internet Chess Club"]
[Date "2022.11.18"]
[Round "6"]
[White "Lawkeito"]
[Black "ElValero"]
[Result "1/2-1/2"]
[WhiteElo "1619"]
[BlackElo "1690"]
[Opening "QGD: classical variation (5.Bf4)"]
[ECO "D37"]
[Time "14:00:17"]
[PlyCount "82"]
[TimeControl "2700+45"]

1. d4 Nf6 2. c4 e6 3. Nc3 d5 4. Nf3 Be7 5. Bf4 O-O 6. e3 a6 7. Rc1 Nbd7 8. cxd5
exd5 9. Be2 c6 10. O-O Nh5 11. Bg3 Nxg3 12. hxg3 Re8 13. g4 Bd6 14. g3 Nf6 15.
Nh4 Ne4 16. Qc2 Qg5 17. f4 Qe7 18. Nxe4 Qxe4 19. Qxe4 Rxe4 20. Kf2 Bd7 21. Bd3
Re7 22. Nf5 Bxf5 23. gxf5 g6 24. g4 Rae8 25. Rce1 Kg7 26. Rh1 f6 27. fxg6 hxg6
28. Re2 Rf7 29. Rh3 Rff8 30. Kf3 Rh8 31. Reh2 Rxh3+ 32. Rxh3 Re7 33. g5 f5 34.
Rh1 Re8 35. Rb1 Rh8 36. Kg2 Re8 37. Kf3 Rh8 38. Bf1 Rh2 39. Bg2 Rh8 40. b4 Rc8
41. a4 b5 {Game drawn by mutual agreement} 1/2-1/2

[Event "Team 45 45 League T94"]
[Site "Internet Chess Club"]
[Date "2022.11.18"]
[Round "6"]
[White "julesraider"]
[Black "manfredo"]
[Result "1-0"]
[WhiteElo "1622"]
[BlackElo "1501"]
[Opening "Grünfeld: exchange variation"]
[ECO "D85"]
[Time "13:02:35"]
[PlyCount "41"]
[TimeControl "2700+45"]

1. d4 Nf6 2. c4 g6 3. Nc3 d5 4. cxd5 Nxd5 5. e4 Nxc3 6. bxc3 Bg7 7. Rb1 c5 8.
Nf3 O-O 9. Be2 b6 10. O-O Bb7 11. d5 Bxc3 12. Bh6 Re8 13. Bb5 Ba6 14. Bxa6 Nxa6
15. Qd3 Bh8 16. Qxa6 e6 17. Rfd1 exd5 18. Rxd5 Qc7 19. Rbd1 f5 20. Rd7 Red8 21.
Qc4# {Black checkmated} 1-0

[Event "Team 45 45 League T94"]
[Site "Internet Chess Club"]
[Date "2022.11.17"]
[Round "6"]
[White "fvafier"]
[Black "mongmong"]
[Result "1-0"]
[WhiteElo "1552"]
[BlackElo "1514"]
[Opening "French: Winawer, advance, poisoned pawn variation"]
[ECO "C18"]
[Time "19:02:17"]
[PlyCount "64"]
[TimeControl "2700+45"]

1. e4 e6 2. d4 d5 3. Nc3 Bb4 4. e5 Ne7 5. a3 Bxc3+ 6. bxc3 c5 7. Qg4 Nf5 8. Nf3
c4 9. a4 h5 10. Qf4 Nc6 11. Be2 Bd7 12. O-O Nce7 13. Nh4 Nxh4 14. Qxh4 Nf5 15.
Qxd8+ Kxd8 16. a5 Kc7 17. Ba3 b6 18. axb6+ axb6 19. Rfb1 Ra6 20. Bd6+ Kb7 21.
Rxa6 Kxa6 22. Ra1+ Kb7 23. Bb4 Ra8 24. Rxa8 Kxa8 25. Bxh5 g6 26. Bd1 Ng7 27. h4
Kb7 28. g4 Ba4 29. Bf8 Ne8 30. h5 gxh5 31. gxh5 f6 32. h6 fxe5 {Black resigns}
1-0

[Event "Team 45 45 League T94"]
[Site "Internet Chess Club"]
[Date "2022.11.17"]
[Round "6"]
[White "Toalla"]
[Black "Denis240964"]
[Result "1-0"]
[WhiteElo "1156"]
[BlackElo "1359"]
[Opening "Queen's gambit declined"]
[ECO "D30"]
[Time "14:01:51"]
[PlyCount "55"]
[TimeControl "2700+45"]

1. d4 d5 2. c4 e6 3. e3 Nf6 4. Nf3 Be7 5. cxd5 exd5 6. Be2 O-O 7. h3 c6 8. O-O
Nbd7 9. Nc3 Ne4 10. Ne5 Nxe5 11. Nxe4 Ng6 12. Ng3 Bd6 13. Bd2 f5 14. f4 Qb6 15.
Qc2 Be6 16. Bc3 Rac8 17. Rac1 c5 18. Qd2 cxd4 19. Bxd4 Bc5 20. Bxc5 Rxc5 21.
Rxc5 Qxc5 22. Rc1 Qb6 23. Kh1 Ne7 24. b3 Rd8 25. Qd4 Qa5 26. Nh5 Kf8 27. Qxg7+
Ke8 28. Nf6# {Black checkmated} 1-0

[Event "Team 45 45 League T94"]
[Site "Internet Chess Club"]
[Date "2022.11.20"]
[Round "6"]
[White "evan7284"]
[Black "walkover"]
[Result "0-1"]
[WhiteElo "1565"]
[BlackElo "1714"]
[Opening "Queen's pawn: London system"]
[ECO "A45"]
[Time "14:30:40"]
[PlyCount "33"]
[TimeControl "2700+45"]

1. d4 Nf6 2. Bf4 d5 3. e3 c5 4. c3 Nc6 5. Bd3 Qb6 6. Qc1 cxd4 7. exd4 e5 8. dxe5
Ng4 9. Nh3 Ngxe5 10. Be2 Bxh3 11. gxh3 Bd6 12. Rg1 O-O 13. Rxg7+ Kxg7 14. Bh6+
Kg8 15. Qg5+ Ng6 16. Qf6 Be5 17. Qg5 {White resigns} 0-1

[Event "Team 45 45 League T94"]
[Site "Internet Chess Club"]
[Date "2022.11.17"]
[Round "6"]
[White "ARMAND02019"]
[Black "WillC"]
[Result "1-0"]
[WhiteElo "1597"]
[BlackElo "1572"]
[Opening "Scandinavian: Icelandic gambit"]
[ECO "B01"]
[Time "20:05:53"]
[PlyCount "111"]
[TimeControl "2700+45"]

1. e4 d5 2. exd5 Nf6 3. c4 e6 4. dxe6 Bxe6 5. Nc3 Bc5 6. Be2 O-O 7. Nf3 Nc6 8.
O-O Qd7 9. d3 Rad8 10. Bg5 Be7 11. a3 a5 12. Ne1 Nd4 13. Bf3 Nxf3+ 14. Qxf3 c6
15. h3 h6 16. Be3 c5 17. Rd1 Rfe8 18. Nc2 b6 19. b3 Bf5 20. Ne4 Bg6 21. Rd2 Qc7
22. Rfd1 Rd7 23. Ne1 Red8 24. Bf4 Qb7 25. Nxf6+ Bxf6 26. Qxb7 Rxb7 27. Rc2 Rbd7
28. Kf1 Bd4 29. Be3 f5 30. Bxd4 Rxd4 31. Rcd2 Bh5 32. f3 g5 33. Nc2 R4d7 34. d4
cxd4 35. Rxd4 Rxd4 36. Rxd4 Rxd4 37. Nxd4 Bg6 38. Kf2 f4 39. Ke2 Kf7 40. b4 axb4
41. axb4 Ke7 42. Kd2 Kd6 43. Kc3 Bh7 44. Ne2 Bg6 45. Kd4 Bc2 46. Nc3 Bf5 47. Nd5
b5 48. c5+ Kd7 49. Nc3 Kc6 50. Ne4 Be6 51. Ke5 Bc4 52. Nd2 Bd3 53. Kf6 Kd5 54.
Kg7 Kd4 55. Kxh6 Kc3 56. Ne4+ {Black resigns} 1-0

[Event "Team 45 45 League T94"]
[Site "Internet Chess Club"]
[Date "2022.11.20"]
[Round "6"]
[White "sdcohle"]
[Black "jfkingiii"]
[Result "0-1"]
[WhiteElo "1291"]
[BlackElo "1506"]
[Opening "Petrov: Nimzovich attack"]
[ECO "C42"]
[Time "18:00:27"]
[PlyCount "114"]
[TimeControl "2700+45"]

1. e4 e5 2. Nf3 Nf6 3. Nxe5 d6 4. Nf3 Nxe4 5. Nc3 Nxc3 6. dxc3 Be7 7. Be3 O-O 8.
Qd2 Nc6 9. O-O-O Bg4 10. Be2 a5 11. h3 Be6 12. Kb1 a4 13. h4 a3 14. b3 Ne5 15.
Nxe5 dxe5 16. g4 Qxd2 17. Rxd2 Rfd8 18. g5 Rxd2 19. Bxd2 Rd8 20. Kc1 Bc5 21. Be3
Bxe3+ 22. fxe3 Kf8 23. c4 c5 24. Bd3 g6 25. h5 Kg7 26. h6+ Kf8 27. Rf1 Ke7 28.
Be4 b6 29. Bd3 Bh3 30. Rf2 Bg4 31. Rf1 Rf8 32. Rf6 Rd8 33. Rf1 Rd6 34. Rf2 e4
35. Be2 Bxe2 36. Rxe2 f5 37. Rd2 Rxd2 38. Kxd2 Ke6 39. c3 Ke5 40. b4 f4 41.
exf4+ Kxf4 42. Ke2 Kxg5 43. Ke3 Kf5 44. bxc5 bxc5 45. Ke2 Kf4 46. Kf2 e3+ 47.
Ke2 Ke4 48. Ke1 Kf3 49. Kf1 e2+ 50. Ke1 g5 51. Kd2 Kf2 52. Kd3 e1=Q 53. Kc2 Ke2
54. Kb3 Qb1+ 55. Ka4 Kd3 56. Kxa3 Kxc3 57. Ka4 Qb4# {White checkmated} 0-1

[Event "Team 45 45 League T94"]
[Site "Internet Chess Club"]
[Date "2022.11.19"]
[Round "6"]
[White "Gilguli"]
[Black "blind-warrior"]
[Result "0-1"]
[WhiteElo "1322"]
[BlackElo "1174"]
[Opening "Sicilian: closed"]
[ECO "B23"]
[Time "14:05:22"]
[PlyCount "58"]
[TimeControl "2700+45"]

1. e4 c5 2. Nc3 d6 3. g3 Nf6 4. Bg2 Nc6 5. f4 Bg4 6. Nce2 Nd4 7. h3 Bxe2 8. Nxe2
e5 9. Nxd4 cxd4 10. f5 Qb6 11. d3 Rc8 12. O-O Be7 13. g4 h6 14. Bd2 Qc6 15. c4
dxc3 16. Bxc3 O-O 17. Rc1 Qd7 18. h4 Nh7 19. Bd2 Bxh4 20. Qf3 Bf6 21. Kf2 Rxc1
22. Rxc1 Rc8 23. Rh1 Rc2 24. Ke1 Ng5 25. Qf2 Rxb2 26. Rh5 Rb1+ 27. Ke2 Qa4 28.
Qe3 Qd1+ 29. Kf2 Qg1+ {White resigns} 0-1

[Event "Team 45 45 League T94"]
[Site "Internet Chess Club"]
[Date "2022.11.20"]
[Round "6"]
[White "fileman"]
[Black "primerpaso"]
[Result "1-0"]
[WhiteElo "1811"]
[BlackElo "1788"]
[Opening "Sicilian: Najdorf, Byrne (English) attack"]
[ECO "B90"]
[Time "15:11:18"]
[PlyCount "75"]
[TimeControl "2700+45"]

1. e4 c5 2. Nf3 d6 3. d4 cxd4 4. Nxd4 Nf6 5. Nc3 a6 6. Be3 e5 7. Nde2 Be6 8. Qd2
Nbd7 9. Ng3 b5 10. f3 Nb6 11. Qf2 Rb8 12. Be2 d5 13. Bxb6 Qxb6 14. Qxb6 Rxb6 15.
exd5 Nxd5 16. Nxd5 Bxd5 17. a3 Be6 18. Bd3 Be7 19. Nf5 Bg5 20. Nxg7+ Ke7 21.
Nxe6 Kxe6 22. c4 bxc4 23. Bxc4+ Kf5 24. b3 f6 25. Rd1 Be3 26. Ke2 Bd4 27. g3 h5
28. Rhe1 h4 29. Rh1 a5 30. a4 Kg5 31. Bb5 f5 32. f4+ Kg4 33. fxe5 Bxe5 34. h3+
Kxg3 35. Rhg1+ Kxh3 36. Kf3 Rd6 37. Rh1+ Bh2 38. Bf1# {Black checkmated} 1-0

[Event "Team 45 45 League T94"]
[Site "Internet Chess Club"]
[Date "2022.11.18"]
[Round "6"]
[White "LookImYourVader"]
[Black "MrAbendroth"]
[Result "0-1"]
[WhiteElo "1778"]
[BlackElo "1608"]
[Opening "Sicilian: Smith-Morra gambit"]
[ECO "B21"]
[Time "15:01:16"]
[PlyCount "62"]
[TimeControl "2700+45"]

1. e4 c5 2. d4 cxd4 3. c3 d3 4. Bxd3 d6 5. Nf3 Nc6 6. O-O Nf6 7. Bf4 e5 8. Bg3
Be7 9. Nbd2 O-O 10. Re1 Nh5 11. Qb3 Nxg3 12. hxg3 a6 13. a4 Na5 14. Qc2 Bd7 15.
b4 Nc6 16. Nc4 Rc8 17. a5 Be6 18. Nfd2 g6 19. Qb1 Na7 20. f4 exf4 21. gxf4 d5
22. Nb6 Rxc3 23. f5 dxe4 24. Bxe4 Qxd2 25. fxe6 Qd4+ 26. Kh1 fxe6 27. Qd1 Qxd1
28. Raxd1 Bxb4 29. Nd7 Rf4 30. Bxb7 Rc7 31. Bxa6 Bxe1 {White resigns} 0-1

[Event "Team 45 45 League T94"]
[Site "Internet Chess Club"]
[Date "2022.11.20"]
[Round "6"]
[White "Egmont"]
[Black "Portola"]
[Result "1/2-1/2"]
[WhiteElo "1627"]
[BlackElo "1697"]
[Opening "Queen's gambit declined"]
[ECO "D30"]
[Time "10:00:30"]
[PlyCount "120"]
[TimeControl "2700+45"]

1. d4 d5 2. c4 e6 3. cxd5 exd5 4. Nf3 Nf6 5. Bg5 Be7 6. e3 O-O 7. Bd3 c6 8. Nbd2
Bg4 9. Bxf6 Bxf6 10. b4 Nd7 11. O-O Re8 12. a4 a6 13. Qc2 g6 14. Rab1 Nf8 15. b5
axb5 16. axb5 Bd7 17. bxc6 Bxc6 18. Rfc1 Qe7 19. Bb5 Rec8 20. Bxc6 Rxc6 21. Qb2
Qa3 22. Qxa3 Rxa3 23. Rxc6 bxc6 24. Rc1 Ra6 25. Kf1 Ne6 26. Nb3 Bg7 27. Ke2 f6
28. Nfd2 Bf8 29. Ra1 Rxa1 30. Nxa1 Bd6 31. h3 h5 32. Nab3 Bb4 33. Nc1 Kf7 34.
Ndb3 Ke7 35. Nd3 Bd6 36. g4 hxg4 37. hxg4 Kd8 38. Kd2 Kc7 39. Kc3 Kb6 40. Nd2 g5
41. Nb3 Kb5 42. Na1 c5 43. dxc5 Bxc5 44. Nxc5 Nxc5 45. Kd4 Kc6 46. Nc2 Ne6+ 47.
Kc3 Kc5 48. Nd4 Nc7 49. f4 Kd6 50. fxg5 fxg5 51. Nf3 Ne6 52. Nd4 Nc5 53. Nf3 Ne6
54. Kb4 Kc6 55. Nd4+ Kd6 56. Nf3 Nc5 57. Nxg5 Nd3+ 58. Kc3 Ne5 59. e4 Nxg4 60.
exd5 Kxd5 {Game drawn because neither player has mating material} 1/2-1/2

[Event "Team 45 45 League T94"]
[Site "Internet Chess Club"]
[Date "2022.11.19"]
[Round "6"]
[White "jjmolina1"]
[Black "LoseOften"]
[Result "0-1"]
[WhiteElo "1457"]
[BlackElo "1679"]
[Opening "Caro-Kann: classical, Spassky variation"]
[ECO "B19"]
[Time "09:18:33"]
[PlyCount "50"]
[TimeControl "2700+45"]

1. e4 c6 2. d4 d5 3. Nc3 dxe4 4. Nxe4 Bf5 5. Ng3 Bg6 6. h4 h6 7. Nf3 Nd7 8. h5
Bh7 9. Bd3 Bxd3 10. Qxd3 e6 11. Bd2 Ngf6 12. Qb3 Qc7 13. O-O-O Be7 14. Rhe1 O-O
15. Re2 c5 16. Qa4 c4 17. Ne5 Nxe5 18. dxe5 Nd5 19. c3 Rab8 20. f4 b5 21. Qc2 b4
22. Ne4 Qa5 23. Qb1 f5 24. cxb4 Bxb4 25. Nc3 Bxc3 {White resigns} 0-1

[Event "Team 45 45 League T94"]
[Site "Internet Chess Club"]
[Date "2022.11.20"]
[Round "6"]
[White "Davidorcinus"]
[Black "Packerfan"]
[Result "0-1"]
[WhiteElo "1743"]
[BlackElo "1741"]
[Opening "Ruy Lopez: Schliemann defense"]
[ECO "C63"]
[Time "14:02:52"]
[PlyCount "44"]
[TimeControl "2700+45"]

1. e4 e5 2. Nf3 Nc6 3. Bb5 f5 4. exf5 e4 5. Qe2 Qe7 6. Bxc6 dxc6 7. Nd4 Nf6 8.
O-O Qe5 9. Nf3 Qxf5 10. d3 Bc5 11. Nc3 O-O 12. dxe4 Qh5 13. Qc4+ Kh8 14. e5 Ng4
15. Qxc5 Rxf3 16. h3 Nxe5 17. Ne4 Bxh3 18. Ng5 Bxg2 19. Kxg2 Qg4+ 20. Kh1 Rh3+
21. Nxh3 Qxh3+ 22. Kg1 Nf3# {White checkmated} 0-1